 Dungeon Crawl Stone Soup version 0.28-a0-194-g42b4daccc1 (webtiles) character file.

Game seed: 4478809323113798161

11869 thedisplayname the Cleaver (level 11, -3/90 HPs)
             Began as a Demonspawn Berserker on Aug 18, 2021.
             Was an Elder of Trog.
             Slain by a ten-headed hydra (11 damage)
             ... on level 11 of the Dungeon.
             The game lasted 00:32:58 (13103 turns).

thedisplayname the Cleaver (Demonspawn Berserker)  Turns: 13103, Time: 00:32:59

Health: -3/90      AC: 18    Str: 21    XL:     11   Next: 55%
Magic:  11/11      EV:  8    Int:  8    God:    Trog [****..]
Gold:   629        SH:  0    Dex: 13    Spells: 10/10 levels left

rFire   x . .      SeeInvis +   p - +10 broad axe "Dazy" {venom, *Rage *Corrode Fly SInv}
rCold   + . .      Faith    .   (no shield)
rNeg    . . .      Spirit   .   o - +5 chain mail
rPois   .          Reflect  .   (helmet restricted)
rElec   .          Harm     .   (no cloak)
rCorr   .          Rampage  .   (no gloves)
Will    .....      Rnd*Rage +   (no boots)
Stlth   ..........              (no amulet)
HPRegen 0.25/turn               j - +4 ring of protection
MPRegen 0.12/turn               k - ring of ice

@: corroded, flying
A: antennae 2, molten scales 1, foul stench 2, spiny 2
a: Renounce Religion, Berserk, Trog's Hand, Brothers in Arms


You were on level 11 of the Dungeon.
You worshipped Trog.
Trog was greatly pleased with you.
You visited 1 branch of the dungeon, and saw 11 of its levels.

You collected 629 gold pieces.

Inventory:

Hand Weapons
 a - a +0 hand axe
 g - a +2 vampiric hand axe
 p - the +10 broad axe "Dazy" (weapon) {venom, *Rage *Corrode Fly SInv}
   (You acquired it on level 7 of the Dungeon)

   It poisons the flesh of those it strikes.
   SInv:      It lets you see invisible.
   Fly:       It grants you flight.
   *Rage:     It may make you go berserk in combat.
   *Corrode:  It may corrode you when you take damage.
 v - a +2 war axe
Missiles
 w - 2 throwing nets (quivered)
Armour
 b - a +0 animal skin
 f - a +1 leather armour
 o - a +5 chain mail (worn)
Jewellery
 j - a +4 ring of protection (left hand)
 k - a ring of ice (right hand)
 H - a ring of positive energy
Wands
 h - a wand of digging (11)
 i - a wand of iceblast (20)
 m - a wand of polymorph (17)
 q - a wand of acid (16)
 y - a wand of flame (35)
 z - a wand of charming (7)
Scrolls
 c - 4 scrolls of teleportation
 r - a scroll of vulnerability
 s - 4 scrolls of noise
 t - 2 scrolls of fog
 u - 2 scrolls of fear
 B - 2 scrolls of amnesia
 D - a scroll of brand weapon
 E - 2 scrolls of identify
Potions
 d - 3 potions of brilliance
 e - 3 potions of curing
 l - a potion of flight
 n - 2 potions of heal wounds
 x - 2 potions of might
 A - a potion of berserk rage
 G - a potion of cancellation
Miscellaneous
 C - a tin of tremorstones (1/2)


   Skills:
 + Level 9.9 Fighting
 * Level 12.1 Axes
 + Level 8.7 Armour
 - Level 1.8 Dodging


You had 10 spell levels left.
You didn't know any spells.
Your spell library was empty.

Dungeon Overview and Level Annotations

Branches:
Dungeon (11/15)            Temple (0/1) D:7            Lair (0/6) D:8
    Orc: D:9-12

Altars:
Ashenzari
Cheibriados
Hepliaklqana
Kikubaaqudgha
Makhleb
Okawaru
Vehumet
Zin
The Shining One
Beogh


Innate Abilities, Weirdness & Mutations

You have a pair of antennae on your head.
You are partially covered in molten scales. (AC +2)
You sometimes emit foul miasma when damaged in melee.
You are mostly covered in sharp spines.


Message History

The nine-headed hydra barely misses you.
The nine-headed hydra closely misses you.
The nine-headed hydra bites you but does no damage.
The nine-headed hydra bites you.
The nine-headed hydra bites you but does no damage. x2
An orc wizard comes into view. It is wielding a +0 dagger.
You chop one of the nine-headed hydra's heads off!
The eight-headed hydra grows two more!
You hit the ten-headed hydra.
The ten-headed hydra is heavily wounded.
The ten-headed hydra is engulfed in dark miasma.
The ten-headed hydra bites you but does no damage.
The ten-headed hydra bites you!
The ten-headed hydra bites you but does no damage. x2
The ten-headed hydra barely misses you.
The ten-headed hydra bites you but does no damage.
The ten-headed hydra barely misses you.
The ten-headed hydra bites you but does no damage. x3
The orc wizard gestures wildly while chanting.
The orc wizard flickers and vanishes for a moment.
You fail to use your ability.
The ten-headed hydra is engulfed in dark miasma.
The ten-headed hydra looks as sick as possible!
The ten-headed hydra is struck by your spines.
The ten-headed hydra barely misses you. x2; The ten-headed hydra bites you!
The ten-headed hydra bites you. x3
The ten-headed hydra bites you but does no damage.
The ten-headed hydra closely misses you.
The ten-headed hydra bites you but does no damage. x2
You fail to use your ability.
The ten-headed hydra is engulfed in dark miasma.
The ten-headed hydra is struck by your spines.
The ten-headed hydra bites you but does no damage.
The ten-headed hydra bites you!
* * * LOW HITPOINT WARNING * * *
The ten-headed hydra bites you but does no damage. x2
The ten-headed hydra bites you!
* * * LOW HITPOINT WARNING * * *
The ten-headed hydra closely misses you.
The ten-headed hydra bites you!
You die...

..##..#....#
...............
..##..# #..
#.................
..# . ..
#.............####
..#
..##'##.............#
..##
#........######'####
...#
#........#....#....#
...#
#........#...)'....#
####
#.....D..##..#######
#@####..##.####
+..>..........#
#.............#
###############


You could see a ten-headed hydra (extremely poisoned).

Vanquished Creatures
  A centaur warrior (D:10)
  A hydra (D:8)
  2 two-headed ogres
  Pikel (D:9)
  2 orc sorcerers (D:8)
  A cyclops (D:9)
  An unseen horror (D:10)
  The ghost of gowby the Frost Mage, a novice BaIE (D:5)
  A hornet (D:7)
  6 yaks
  A wyvern (D:10)
  A steam dragon (D:9)
  4 vampire mosquitoes (D:10)
  2 acid dragons (D:10)
  A hornet zombie (D:8)
  An ice beast (D:7)
  3 sky beasts
  7 orc warriors
  A necrophage (D:4)
  5 centaurs
  An ogre (D:5)
  A lemure (D:9)
  3 phantoms (D:5)
  3 bullfrogs
  5 kobold brigands
  A gnoll sergeant (D:4)
  2 scorpions (D:5)
  A water moccasin skeleton (D:6)
  A killer bee (D:10)
  4 wights (D:7)
  2 electric eels (D:8)
  4 howler monkeys
  3 centaur zombies
  A bullfrog zombie (D:5)
  A jelly (D:6)
  4 orc priests
  3 hounds
  Crazy Yiuf (D:3)
  A gnoll shaman (D:6)
  Natasha (thrice) (D:3)
  2 iguanas
  8 orc wizards
  2 killer bee zombies (D:7)
  A hound skeleton (D:4)
  A howler monkey zombie (D:10)
  6 gnolls (D:6)
  10 adders
  4 white imps
  An adder skeleton (D:4)
  An adder zombie (D:4)
  3 worms
  4 dart slugs
  52 orcs
  2 ball pythons
  6 endoplasms
  6 giant cockroaches
  6 goblins
  10 hobgoblins
  7 quokkas
  5 bats
  4 frilled lizards
  23 kobolds
  10 rats
262 creatures vanquished.

Vanquished Creatures (collateral kills)
  An unseen horror (D:10)
  A shadow (D:10)
  A vampire (D:10)
  A howler monkey (D:10)
4 creatures vanquished.

Grand Total: 266 creatures vanquished

Notes
Turn   | Place    | Note
-------+----------+-------------------------------------------
     0 | D:1      | thedisplayname the Demonspawn Berserker began the quest for
                  | the Orb.
     0 | D:1      | Reached XP level 1. HP: 18/18 MP: 1/1
   393 | D:1      | Reached skill level 3 in Axes
   393 | D:1      | Gained mutation: You have a pair of small antennae on your
                  | head. [demonic ancestry]
   393 | D:1      | Reached XP level 2. HP: 5/24 MP: 2/2
  1279 | D:2      | Reached XP level 3. HP: 22/29 MP: 3/3
  1594 | D:2      | Reached XP level 4. HP: 36/36 MP: 4/4
  1637 | D:2      | Found a faded altar of an unknown god.
  1666 | D:2      | Found an iron altar of Okawaru.
  1852 | D:2      | Reached ** piety under Trog
  2465 | D:3      | Found a runed translucent door.
  2466 | D:3      | Noticed Crazy Yiuf
  2582 | D:3      | Reached skill level 4 in Axes
  2611 | D:3      | Noticed Natasha
  2623 | D:3      | Killed Natasha
  2624 | D:3      | Reached XP level 5. HP: 42/42 MP: 5/5
  2631 | D:3      | Noticed Natasha
  2639 | D:3      | Killed Natasha
  2687 | D:3      | Noticed Natasha
  2695 | D:3      | Killed Natasha
  3002 | D:3      | Killed Crazy Yiuf
  3173 | D:4      | Gained mutation: You may rarely emit foul miasma when
                  | damaged in melee. [demonic ancestry]
  3173 | D:4      | Reached XP level 6. HP: 48/48 MP: 6/6
  3192 | D:4      | Reached skill level 5 in Axes
  3520 | D:4      | HP: 3/73 [gnoll sergeant (6)]
  3958 | D:4      | Gained mutation: You sometimes emit foul miasma when
                  | damaged in melee. [demonic ancestry]
  3958 | D:4      | Reached XP level 7. HP: 21/55 MP: 7/7
  4261 | D:5      | Entered Level 5 of the Dungeon
  4280 | D:5      | Noticed gowby's ghost (novice BaIE)
  4281 | D:5      | Found a transporter.
  4288 | D:5      | Found a transporter.
  4305 | D:5      | Reached skill level 5 in Fighting
  4454 | D:5      | Killed gowby's ghost
  4455 | D:5      | Reached skill level 6 in Axes
  4753 | D:5      | Gained mutation: You are partially covered in molten
                  | scales. (AC +2) [demonic ancestry]
  4753 | D:5      | Reached XP level 8. HP: 63/63 MP: 8/8
  4928 | D:5      | Reached skill level 7 in Axes
  5379 | D:5      | Reached skill level 5 in Armour
  5586 | D:6      | Reached *** piety under Trog
  6646 | D:7      | Found a staircase to the Ecumenical Temple.
  6663 | D:7      | Reached skill level 8 in Axes
  6847 | D:7      | Gained mutation: You are partially covered in sharp spines.
                  | [demonic ancestry]
  6847 | D:7      | Reached XP level 9. HP: 57/71 MP: 9/9
  7513 | D:7      | Found an ancient bone altar of Kikubaaqudgha.
  7611 | D:7      | Found a runed translucent door.
  7661 | D:7      | Reached skill level 9 in Axes
  7668 | D:7      | Reached **** piety under Trog
  7711 | D:7      | Identified a scroll of acquirement
  7711 | D:7      | Acquired the +10 broad axe "Dazy" {venom, *Rage *Corrode
                  | Fly SInv}
  8111 | D:8      | Noticed a six-headed hydra
  8125 | D:8      | Killed an eight-headed hydra
  8452 | D:8      | Noticed an orc sorcerer
  8453 | D:8      | Noticed an orc sorcerer
  8468 | D:8      | Noticed a rust devil
  8471 | D:8      | Killed an orc sorcerer
  8472 | D:8      | Gained mutation: You have a pair of antennae on your head.
                  | [demonic ancestry]
  8472 | D:8      | Reached XP level 10. HP: 13/80 MP: 10/10
  8476 | D:8      | Killed an orc sorcerer
  8477 | D:8      | Reached skill level 10 in Axes
  9373 | D:8      | Found a staircase to the Lair.
  9569 | D:8      | Found a hazy altar of Hepliaklqana.
  9835 | D:9      | Noticed Pikel
  9843 | D:9      | Killed Pikel
  9851 | D:9      | Noticed a cyclops
  9860 | D:9      | Killed a cyclops
 11040 | D:10     | Entered Level 10 of the Dungeon
 11202 | D:10     | Found a burning altar of Makhleb.
 11210 | D:10     | Reached skill level 11 in Axes
 11671 | D:10     | Gained mutation: You are mostly covered in sharp spines.
                  | [demonic ancestry]
 11671 | D:10     | Reached XP level 11. HP: 89/89 MP: 11/11
 11883 | D:10     | Noticed a two-headed ogre
 11883 | D:10     | Noticed a centaur warrior
 11889 | D:10     | Killed a two-headed ogre
 11894 | D:10     | Killed a centaur warrior
 11913 | D:10     | Identified the +1 spear "Ucoyxi" {spect, Int+3 Dex+4}
 12079 | D:10     | Found a snail-covered altar of Cheibriados.
 12079 | D:10     | Found a broken altar of Ashenzari.
 12090 | D:10     | Found a radiant altar of Vehumet.
 12418 | D:11     | Reached skill level 12 in Axes
 12916 | D:11     | Noticed a two-headed ogre
 12920 | D:11     | Killed a two-headed ogre
 13097 | D:11     | Noticed a seven-headed hydra
 13103 | D:11     | Slain by a ten-headed hydra

Illustrated notes

Levels and vault maps discovered:
D:1:      lightli_arrival_noodles, layout_basic
D:2:      layout_basic, hellmonk_ecumenical_altar_crossroads, basic_altar
D:3:      layout_rooms, uniq_crazy_yiuf_cottage, uniq_natasha
D:4:      minmay_angry_zag, layout_loops_ring, hangedman_minor_gate_pass
D:5:      layout_basic, gammafunk_ghost_smash, kennysheep_generic_room_8
D:6:      layout_cave_pods
D:7:      layout_cave_pods, kennysheep_mini_moat,
          minmay_temple_entry_mini_moons, lightli_church_of_beogh
D:8:      cheibrodos_wizards_tower, layout_gridville, kennysheep_little_box,
          lair_entry_dummy
D:9:      layout_basic, uniq_pikel
D:10:     layout_basic, minmay_overflow_temple_star_hex,
          mainiacjoe_overflow_chevrons, minmay_joined_circles
D:11:     dragon1_lemuel, layout_gridville, kennysheep_generic_room_2

Skill      XL: |  1  2  3  4  5  6  7  8  9 10 11 |
---------------+----------------------------------+-----
Axes           | 3 4 5 6 8 9 11 12 | 12.1
Armour         | 2 3 4 5 6 8 |  8.7
Fighting       | 4 5 6 8 9 |  9.9
Dodging        | |  1.8

Action                   |  1- 3 |  4- 6 |  7- 9 | 10-12 || total
-------------------------+-------+-------+-------+-------++-------
Melee: Hand axe          |    61 |   237 |   402 |       ||   700
       Broad axe         |       |       |    15 |   150 ||   165
Invok: Berserk           |     1 |     3 |     3 |     2 ||     9
       Trog's Hand       |       |     2 |     5 |     1 ||     8
       Brothers in Arms  |       |       |       |     1 ||     1
Evoke: Wand              |       |       |     1 |       ||     1
       Tin of tremorston |       |       |       |     1 ||     1
  Use: Scroll            |       |     5 |    10 |     3 ||    18
       Potion            |       |     3 |     6 |     4 ||    13
Armor: Animal skin       |    19 |    68 |     3 |       ||    90
       Leather armour    |       |       |    50 |       ||    50
       Chain mail        |       |       |   242 |   140 ||   382
Dodge: Dodged            |    37 |   152 |   185 |    69 ||   443

Table legend: (Time is in decaauts)
 A = Elapsed time spent in this place.
 B = Non-inter-level travel time spent in this place.
 C = Inter-level travel time spent in this place.
 D = Time resting spent in this place.
 E = Time spent auto-exploring this place.
 F = Levels seen in this place.
 G = Mean time per level.
                   A        B        C        D        E       F      G
               +--------+--------+--------+--------+--------+-----+--------+
         Total |  13257 |  12914 |    343 |   3630 |   7270 |  11 | 1205.2 |
       Dungeon |  13257 |  12914 |    343 |   3630 |   7270 |  11 | 1205.2 |
               +--------+--------+--------+--------+--------+-----+--------+

Top non-repeatable levels by time:
     D:8: 1736 daAuts
     D:7: 1458 daAuts
     D:9: 1457 daAuts
     D:5: 1294 daAuts
     D:1: 1284 daAuts
    D:10: 1241 daAuts
     D:4: 1189 daAuts
     D:2: 1127 daAuts
     D:6: 1000 daAuts
     D:3: 733 daAuts
    D:11: 733 daAuts
